Description

Game 1 vs PiLiPiLi at Dreamhack Austin 2016

VOD

https://www.youtube.com/watch?time_continue=790&v=7QdbBiI63tU

Build Order

Get SALT Encoding   

  14  0:20  Supply Depot  Main ramp
  16  0:45  Refinery, Barracks  Main ramp, scout with building SCV after 100%
  19  1:30  Orbital Command, Reaper  
  20  1:40  Command Center  
  20  1:50  Supply Depot  
  21  2:00  Barracks Reactor  
  22  2:10  Barracks  
  23  2:20  Refinery  
  23  2:25  Factory  
  24  2:40  Marine x2  
  27  2:50  Orbital Command  Natural CC
  28  2:55  Marine x2  Continuous Marine Production
  30  3:00  Barracks Tech Lab  
  31  3:10  Widow Mine  Oracle/ramp defense
  33  3:15  Starport  Near Factory
  36  3:25  Stimpack  
  40  3:35  Supply Depot  
  42  3:45  Marauder, Factory Reactor  Switch to Starport @ 100%
  44  3:50  Medivac  
Spawning Tool Build Advisor. Get it on Overwolf

Analysis

Polt opens economically with Reaper FE then moves into aggressive 2 rax bio and fast Stim + double Medivac production.

Can be used defensively until a large enough force can move out to attempt to snipe third while taking your own third.

He takes upgrades one at a time to be able to afford Starport production and Marauders.

Go to:

Details

  • Created by: Rayvenx     
  • Published on: May 10, 2016
  • Modified on: May 14, 2016
  • Patch: Pre-3.8.0
Show
View Real Time Build Order
Export as new Build Order

Comments (2)

On June 18, 2016, 8:04 a.m., Rayvenx  said:

These times were actually from my own testing of the build order. I went through and played it repeatedly to find out the fastest possible times.

On June 18, 2016, 12:01 a.m., rthmjohn  said:

Hey, rayvenx. Here's the link with the proper timestamp if you'd like to update this page: https://youtu.be/7QdbBiI63tU?t=8m57s

Thanks again for posting!

Create an account to comment!